 Dungeon Crawl Stone Soup version 0.31-a0-765-g67fe2935dc (webtiles) character file.

Game seed: 14409197161895853539

2741 Dittersdorf the Shield-Bearer (level 9, -1/59 HPs)
             Began as a Gargoyle Fighter on Sept 15, 2023.
             Was an Initiate of Gozag.
             Shot with a sling bullet by Joseph (6 damage)
             ... on level 8 of the Dungeon.
             The game lasted 00:09:08 (5863 turns).

Dittersdorf the Shield-Bearer (Gargoyle Fighter)    Turns: 5863, Time: 00:09:08

Health: -1/59      AC: 13    Str: 25    XL:     9   Next: 68%
Magic:  9/9        EV: 15    Int:  4    God:    Gozag
Gold:   599        SH:  5    Dex:  9    Spells: 8/8 levels left

rFire   + + .        b - +4 whip "Lithrecyh" {vamp, Will+}
rCold   . . .        c - +0 buckler
rNeg    + + +        o - +3 leather armour {rN+}
rPois   ∞            (no helmet)
rElec   +            (no cloak)
rCorr   .            (no gloves)
SInv    .            (no boots)
Will    ++...        t - amulet of Vampiric Thralls {Rampage rF++ rN+ Regen+ Int-4}
Stlth   +            q - +5 ring of evasion
HPRegen 1.09/turn    p - ring of willpower
MPRegen 0.11/turn

%: rampage
@: gold aura
A: sickness immunity, AC +6, negative energy resistance 1, electricity
resistance, torment resistance 1, petrification resistance
a: Renounce Religion, Potion Petition, Call Merchant, Bribe Branch


You were on level 8 of the Dungeon.
You worshipped Gozag.
Gozag was pleased with you.
You visited 2 branches of the dungeon, and saw 9 of its levels.

You collected 694 gold pieces.
You paid 95 gold pieces to Gozag.

Inventory:

Hand Weapons
 a - a +1 flail
 b - the +4 whip "Lithrecyh" (weapon) {vamp, Will+}
   (You found it on level 2 of the Dungeon)

   Will+:     It increases your willpower.
Missiles
 e - a throwing net
Armour
 c - a +0 buckler (worn)
 o - a +3 leather armour of positive energy (worn)
Jewellery
 p - a ring of willpower (right hand)
 q - a +5 ring of evasion (left hand)
 t - the amulet of Vampiric Thralls (around neck) {Rampage rF++ rN+ Regen+ Int-4}
   (You acquired it on level 5 of the Dungeon)

   [amulet of regeneration]

   Int-4:     It affects your intelligence (-4).
   rF++:      It greatly protects you from fire.
   rN+:       It protects you from negative energy.
   Regen+:    It increases your rate of health regeneration.
   Rampage:   It bestows one free step when moving towards enemies.
 x - a ring of resist corrosion
Wands
 h - a wand of digging (9)
 i - a wand of flame (34)
 n - a wand of iceblast (8)
Scrolls
 k - 4 scrolls of poison
 l - a scroll of blinking
 m - 2 scrolls of enchant weapon
 s - 2 scrolls of fog
 v - a scroll of revelation {unknown}
 w - a scroll of vulnerability {unknown}
Potions
 d - 3 potions of might
 f - 2 potions of brilliance
 g - 4 potions of heal wounds
 j - 3 potions of cancellation
 r - a potion of magic
 u - 3 potions of curing


   Skills:
 + Level 7.8 Fighting
 + Level 6.7 Maces & Flails
 + Level 7.8 Armour
 + Level 7.9 Shields


You had 8 spell levels left.
You didn't know any spells.
Your spell library contained the following spells:

 Spells                   Type           Power      Damage    Failure   Level
 Poisonous Vapours        Pois/Air       0%         N/A       73%         2
 Inner Flame              Hex/Fire       0%         N/A       91%         3
 Mephitic Cloud           Conj/Pois/Air  0%         N/A       91%         3
 Flame Wave               Conj/Fire      0%         2d4       100%        4
 Sticky Flame             Conj/Fire      0%         2d3       100%        4
 Freezing Cloud           Conj/Ice/Air   0%         6-21      100%        5


Dungeon Overview and Level Annotations

Branches:
Dungeon (8/15)             Temple (1/1) D:6
   Lair: D:8-11

Altars:
Ashenzari
Dithmenos
Elyvilon
Fedhas
Gozag
Kikubaaqudgha
Qazlal
Ru
Sif Muna
Trog
Vehumet
Wu Jian
Xom
Yredelemnul
The Shining One

Shops:
D:6 [   D:8 ==

Annotations:
D:6 1 runed translucent door, Sundig's ghost, novice DsFi
D:8 Joseph


Innate Abilities, Weirdness & Mutations

You are immune to sickness and miasma.
Your stone body is resilient. (AC +6)
You are immune to poison.
You resist negative energy. (rN+)
You are resistant to electric shocks. (rElec)
You are resistant to unholy torment.
You are immune to petrification.


Message History

You closely miss the bullfrog.
The bullfrog is lightly wounded.
The bullfrog completely misses you.
You closely miss the bullfrog.
The bullfrog is lightly wounded.
You block the bullfrog's attack.
You hit the bullfrog.
The bullfrog is moderately wounded.
The bullfrog hits you.
You hit the bullfrog.
You feel better.
The bullfrog is moderately wounded.
You block the bullfrog's attack. The bullfrog barely misses you.
You barely miss the bullfrog.
The bullfrog is moderately wounded.
The bullfrog closely misses you.
You whack the bullfrog!
You feel better.
The bullfrog is almost dead.
The bullfrog barely misses you.
You whack the bullfrog!
You feel better.
You kill the bullfrog!
You barely miss the gnoll. The gnoll hits you but does no damage.
You whack the gnoll!
You kill the gnoll!
The gnoll sergeant hits you from afar with a +0 spear of venom!
You rampage towards the gnoll sergeant!
You whack the gnoll sergeant!
You feel better.
The gnoll sergeant is moderately wounded.
Joseph hits you with a +0 quarterstaff! The gnoll barely misses you.
You closely miss the gnoll sergeant.
The gnoll sergeant is moderately wounded.
The gnoll sergeant hits you with a +0 spear of venom!
Joseph hits you with a +0 quarterstaff!
* * * LOW HITPOINT WARNING * * *
The gnoll barely misses you.
The gnoll sergeant hits you from afar with a +0 spear of venom.
* * * LOW HITPOINT WARNING * * *
Joseph unwields a +0 quarterstaff.
Joseph wields a +0 sling.
Joseph shoots a sling bullet.
The sling bullet hits you.
You die...
Your body crumbles into a pile of gold.

..###... ....
#..##########.#.
..............#.
##.####...#.###
......#...#.#
...##.#...#.#####
..[...#(..#.....##
##...##..#♣..##..#
.........#...###@#
##.###...#∩.♣#
#$#### #.#
##..#### #g@g.# #.
#...# ##g..# .
##.## #...# #####
. #># #.⌠.# #...#
### ####...###.>.#
#............#
#.8........###


You could see Joseph, a gnoll sergeant and a gnoll.

Vanquished Creatures
  Sigmund (D:2)
  A steam dragon (D:8)
  Eustachio (D:4)
  An acid dragon (D:8)
  Duvessa (D:6)
  A water moccasin (D:6)
  A sky beast (D:7)
  An ice beast (D:5)
  2 black bears (D:4)
  An ogre (D:6)
  3 phantoms
  A centaur (D:6)
  2 bullfrogs
  A gnoll sergeant (D:7)
  A scorpion (D:4)
  Dowan (D:6)
  6 killer bees (D:7)
  4 howler monkeys
  A hound (D:4)
  A jelly (D:5)
  2 sleepcaps
  Jessica (D:2)
  Ijyb (D:5)
  3 iguanas (D:5)
  13 gnolls
  7 adders
  5 white imps
  An ufetubus (D:6)
  3 worms (D:4)
  A dart slug (D:1)
  13 orcs
  2 ball pythons (D:4)
  A bat (D:1)
  9 endoplasms
  7 giant cockroaches
  8 goblins
  5 hobgoblins
  3 quokkas
  A frilled lizard (D:1)
  4 kobolds
  13 rats
135 creatures vanquished.

Notes
Turn   | Place    | Note
-------+----------+-------------------------------------------
     0 | D:1      | Dittersdorf the Gargoyle Fighter began the quest for the
                  | Orb.
     0 | D:1      | Reached XP level 1. HP: 14/14 MP: 1/1
   197 | D:1      | Reached XP level 2. HP: 19/19 MP: 2/2
   673 | D:1      | Reached XP level 3. HP: 18/23 MP: 3/3
  1116 | D:2      | Identified the +4 whip "Lithrecyh" {vamp, Will+}
  1164 | D:2      | Noticed Sigmund
  1180 | D:2      | Killed Sigmund
  1181 | D:2      | Reached XP level 4. HP: 25/30 MP: 4/4
  1181 | D:2      | Reached XP level 5. HP: 28/34 MP: 5/5
  1229 | D:2      | Identified the +2 scale mail of Integrity {Harm Drain rElec
                  | rPois}
  1260 | D:2      | Noticed Jessica
  1268 | D:2      | Killed Jessica
  1484 | D:2      | Reached XP level 6. HP: 39/39 MP: 6/6
  2269 | D:3      | Found a sacrificial altar of Ru.
  2480 | D:4      | Noticed a black bear
  2507 | D:4      | Killed a black bear
  2520 | D:4      | Reached skill level 5 in Armour
  2520 | D:4      | Reached skill level 5 in Shields
  2529 | D:4      | Reached skill level 5 in Fighting
  2529 | D:4      | Reached XP level 7. HP: 44/44 MP: 7/7
  2657 | D:4      | You fall into a shaft and drop 1 floor!
  2657 | D:5      | Entered Level 5 of the Dungeon
  3028 | D:5      | Noticed Ijyb
  3055 | D:5      | Killed Ijyb
  3056 | D:5      | Reached XP level 8. HP: 51/51 MP: 8/8
  3209 | D:4      | Noticed Eustachio
  3235 | D:4      | Killed Eustachio
  3236 | D:4      | Reached skill level 5 in Maces & Flails
  3354 | D:4      | Found a glowing golden altar of the Shining One.
  3609 | D:5      | Identified a scroll of acquirement
  3609 | D:5      | Acquired the amulet of Vampiric Thralls {Rampage rF++ rN+
                  | Regen+ Int-4}
  4080 | D:6      | Found a shimmering altar of Xom.
  4119 | D:6      | Found a staircase to the Ecumenical Temple.
  4120 | D:6      | Found a runed translucent door.
  4134 | Temple   | Entered the Ecumenical Temple
  4168 | Temple   | Became a worshipper of Gozag Ym Sagoz the Greedy
  4237 | D:6      | Noticed Sundig's ghost (novice DsFi)
  4274 | D:6      | Found a shadowy altar of Dithmenos.
  4465 | D:6      | Noticed Duvessa
  4465 | D:6      | Noticed Dowan
  4519 | D:6      | Killed Duvessa
  4520 | D:6      | Reached XP level 9. HP: 30/56 MP: 9/9
  4553 | D:6      | Killed Dowan
  4598 | D:6      | Found Terphab's Armour Emporium.
  5508 | D:8      | Found a bloodstained altar of Trog.
  5526 | D:8      | Found Hiufer's Jewellery Shoppe.
  5807 | D:8      | Found Binux's Jewellery Emporium.
  5829 | D:8      | Noticed Joseph
  5863 | D:8      | Shot with a sling bullet by Joseph

Illustrated notes

Levels and vault maps discovered:
D:1:      saegor_arrival_simple_a, layout_basic, minmay_rat_gold_closets
D:2:      layout_loops_corners, kennysheep_generic_room_16, uniq_sigmund,
          uniq_jessica
D:3:      layout_loops_cross, nicolae_ru_path_of_blood
D:4:      cheibrodos_barr_body, layout_rooms, overflow_temple_1_default,
          uniq_eustachio
D:5:      layout_loops_cross, hangedman_abyss_or_decor_lesser_grid,
          minivault_14, uniq_ijyb
D:6:      layout_basic, lemuel_round_altar, lemuel_tele_altar,
          minmay_temple_entry_overgrown, ebering_ghost_sewer_d, serial_shops,
          nicolae_shop_just_a_little_nook, st_stairs_4, uniq_duvessa
D:7:      layout_basic, serial_curves, eino_curves_01, eino_curves_04
D:8:      layout_basic, lemuel_round_altar, serial_shops,
          nicolae_shop_just_a_little_nook, nicolae_shop_pleasant_corner_grove,
          shop, nicolae_elevator_lobby_asterisk, uniq_joseph
Temple:   jpeg_temple_alley_garden

Skill      XL: |  1  2  3  4  5  6  7  8  9 |
---------------+----------------------------+-----
Fighting       | 4 5 6 7 |  7.8
Maces & Flails | 3 4 5 6 |  6.7
Armour         | 4 5 6 7 |  7.8
Shields        | 4 5 7 |  7.9

Action                     |  1- 3 |  4- 6 |  7- 9 || total
---------------------------+-------+-------+-------++-------
  Melee: Flail             |    95 |       |       ||    95
         Whip              |    11 |    64 |   564 ||   639
    Use: Scroll            |       |    10 |     6 ||    16
   Stab: Distracted        |       |       |     2 ||     2
 Armour: Scale mail        |    46 |       |       ||    46
         Chain mail        |    12 |    51 |    80 ||   143
         Leather armour    |       |       |   233 ||   233
  Dodge: Dodged            |    40 |    36 |   345 ||   421
  Block: Buckler           |    19 |    12 |   131 ||   162

Table legend: (Time is in decaauts)
 A = Elapsed time spent in this place.
 B = Non-inter-level travel time spent in this place.
 C = Inter-level travel time spent in this place.
 D = Time resting spent in this place.
 E = Time spent auto-exploring this place.
 F = Levels seen in this place.
 G = Mean time per level.
                   A        B        C        D        E       F      G
               +--------+--------+--------+--------+--------+-----+--------+
         Total |   5806 |   5563 |    243 |    167 |   4112 |   9 |  645.1 |
       Dungeon |   5738 |   5527 |    211 |    167 |   4112 |   8 |  717.2 |
        Temple |     67 |     35 |     32 |      0 |      0 |   1 |   67.0 |
               +--------+--------+--------+--------+--------+-----+--------+

Top non-repeatable levels by time:
     D:2: 1095 daAuts
     D:5: 796 daAuts
     D:1: 732 daAuts
     D:6: 726 daAuts
     D:4: 674 daAuts
     D:3: 651 daAuts
     D:7: 635 daAuts
     D:8: 428 daAuts
  Temple: 67 daAuts
